 Dungeon Crawl Stone Soup version 0.31-a0-705-ga145531891 (webtiles) character file.

Game seed: 15593634898462778223

3011 qw the Skirmisher (level 9, -3/60 HPs)
             Began as a Gargoyle Hunter on Sept 9, 2023.
             Was an Initiate of Okawaru.
             Slain by Erica
             ... wielding a +2 scimitar of flaming
              (12 damage)
             ... on level 8 of the Dungeon.
             The game lasted 00:02:55 (6202 turns).

qw the Skirmisher (Gargoyle Hunter)                 Turns: 6202, Time: 00:02:55

Health: -3/60      AC: 18    Str: 22    XL:     9   Next: 84%
Magic:  9/9        EV: 13    Int:  9    God:    Okawaru [......]
Gold:   438        SH:  0    Dex: 23    Spells: 8/8 levels left

rFire   + . .        o - +0 orcbow
rCold   . . .        (shield currently unavailable)
rNeg    + . .        l - +2 ring mail {rF+}
rPois   inf          i - +2 helmet
rElec   +            (no cloak)
rCorr   .            (no gloves)
SInv    .            j - +0 pair of boots {Fly}
Will    .....        (no amulet) Stlth
                     a - +6 ring of dexterity
HPRegen 0.30/turn    n - +6 ring of strength
MPRegen 0.11/turn

%: no passive effects
@: confused, flying, slowed, very slow
A: sickness immunity, AC +6, negative energy resistance 1, electricity
resistance, torment resistance 1, petrification resistance
a: Renounce Religion


You were on level 8 of the Dungeon.
You worshipped Okawaru.
Okawaru was noncommittal.
You visited 2 branches of the dungeon, and saw 9 of its levels.

You collected 438 gold pieces.


Innate Abilities, Weirdness & Mutations

You are immune to sickness and miasma.
Your stone body is resilient. (AC +6)
You are immune to poison.
You resist negative energy. (rN+)
You are resistant to electric shocks. (rElec)
You are resistant to unholy torment.
You are immune to petrification.


   Skills:
 - Level 8.4 Fighting
 + Level 10.9 Ranged Weapons
 - Level 3.3 Armour
 - Level 3.0 Dodging
 - Level 1.1 Stealth


You had 8 spell levels left.
You didn't know any spells.
Your spell library was empty.

Inventory:

Hand Weapons
 o - a +0 orcbow (weapon)
Armour
 b - a +1 leather armour of cold resistance
 i - a +2 helmet (worn)
 j - a +0 pair of boots of flying (worn)
 l - a +2 ring mail of fire resistance (worn)
Jewellery
 a - a +6 ring of dexterity (left hand)
 n - a +6 ring of strength (right hand)
Wands
 h - a wand of digging (3)
Scrolls
 d - 2 scrolls of teleportation
 g - a scroll of identify
Potions
 c - a potion of might
 e - 3 potions of enlightenment
 f - a potion of resistance {unknown}
 k - a potion of haste {unknown}
 m - a potion of magic {unknown}

Dungeon Overview and Level Annotations

Branches:
Dungeon (8/15)             Temple (1/1) D:7
   Lair: D:8-11

Altars:
Ashenzari
Cheibriados
Dithmenos
Elyvilon
Fedhas
Gozag
Hepliaklqana
Kikubaaqudgha
Makhleb
Nemelex Xobeh
Okawaru
Ru
Sif Muna
Trog
Uskayaw
Vehumet
Wu Jian
Xom
Yredelemnul
Zin
The Shining One

Annotations:
D:8 Erica


Message History

You shoot an arrow.
You hear some strange, mumbled words.
You feel yourself slow down.
You shoot an arrow. Something barely misses you.
Something hits you but does no damage.
You shoot an arrow. Something hits you but does no damage.
You shoot an arrow. Something hits you but does no damage.
You hear some strange, mumbled words.
You are confused.
You shoot an arrow.
You hear some strange, mumbled words.
A lance of force appears from out of thin air!
The lance of force hits you!
You are knocked back by the lance of force.
You slam into the rock wall!
You shoot an arrow. Something hits you!
You hear some strange, mumbled words.
A bolt of poison appears from out of thin air!
The bolt of poison hits you but does no damage.
You resist.
You shoot an arrow. Something hits you but does no damage.
You hear some strange, mumbled words.
You are more confused.
You shoot an arrow. Something hits you but does no damage.
You shoot an arrow. Something hits you but does no damage.
Something barely misses you.
You shoot an arrow.
You hear some strange, mumbled words.
A lance of force appears from out of thin air!
The lance of force hits you!!
You are knocked back by the lance of force.
You slam into the rock wall!
You shoot an arrow. Something hits you!
You die...

# ### #...#
#.#.#######
###########
#...{.....#
..........#
#@#####
..........#
#.....#
...######.#
#######.# ##.#
#.# #...(...#
#.########
#.##.##.#
##)....#
###.##..<.#
..####.#
#...#####.#
..#
#)#####)###
#.#
..####......<#
#..


There were no monsters in sight!

Vanquished Creatures
  Pikel (D:6)
  Maggie (D:7)
  A wraith (D:6)
  A water moccasin (D:5)
  2 ice beasts
  A black bear (D:5)
  3 ogres
  A centaur (D:8)
  A phantom (D:7)
  4 lemures
  A kobold brigand (D:7)
  A bullfrog (D:6)
  A gnoll sergeant (D:8)
  3 scorpions
  4 killer bees (D:6)
  A vampire bat (D:4)
  A howler monkey (D:5)
  3 orc priests
  2 hounds
  A jelly (D:6)
  3 sleepcaps (D:5)
  2 iguanas
  5 orc wizards
  6 adders
  5 gnolls (D:8)
  A shadow imp (D:6)
  4 white imps
  An ufetubus (D:5)
  An adder skeleton (D:3)
  3 worms
  3 dart slugs
  25 orcs
  10 bats
  7 endoplasms
  6 giant cockroaches
  10 goblins
  4 hobgoblins
  2 jackals (D:5)
  12 kobolds
  4 quokkas
  5 ball pythons
  A ball python skeleton (D:3)
  A frilled lizard (D:1)
  A quokka skeleton (D:3)
  5 rats
161 creatures vanquished.

Notes
Turn   | Place    | Note
-------+----------+-------------------------------------------
     0 | D:1      | qw the Gargoyle Hunter began the quest for the Orb.
     0 | D:1      | Reached XP level 1. HP: 12/12 MP: 1/1
     0 | D:1      | 0 ||| qw: Version: 0.3-a-80-g4c0dc69
     0 | D:1      | 0 ||| qw: Game counter: 1349
     0 | D:1      | 0 ||| qw: Melee chars always use a shield: true
     0 | D:1      | 0 ||| qw: God list: Okawaru
     0 | D:1      | 0 ||| qw: Allow faded altars: false
     0 | D:1      | 0 ||| qw: Do Orc after clearing Dungeon:15 true
     0 | D:1      | 0 ||| qw: Do second Lair branch before Depths: true
     0 | D:1      | 0 ||| qw: Lair rune preference: random
     0 | D:1      | 0 ||| qw: Goals: Normal
     0 | D:1      | 0 ||| PLANNING D:1-11
    88 | D:1      | Reached XP level 2. HP: 17/17 MP: 2/2
   506 | D:1      | Reached XP level 3. HP: 21/21 MP: 3/3
   639 | D:1      | Reached skill level 5 in Ranged Weapons
   664 | D:1      | 664 ||| READING scroll labelled NOOM DAECU.
   665 | D:1      | 665 ||| READING scroll labelled PEH ABBOBUMOGI.
   666 | D:1      | 666 ||| READING scroll labelled MOIWAYTELI.
   670 | D:1      | 670 ||| READING scroll labelled WUOSCH CEHIR.
   671 | D:1      | 671 ||| READING scroll labelled AWAYREOCIOL.
   672 | D:1      | 672 ||| DROPPING scroll of butterflies.
  1033 | D:2      | Reached skill level 3 in Fighting
  1292 | D:2      | Reached XP level 4. HP: 28/28 MP: 4/4
  1319 | D:2      | 1319 ||| READING scroll labelled YSHRUSSU RIJEASUA.
  1357 | D:3      | 1357 ||| RETREEAATING.
  1430 | D:3      | 1430 ||| FLEEEEING.
  1431 | D:3      | 1431 ||| FLEEEEING.
  1433 | D:3      | 1433 ||| FLEEEEING.
  1434 | D:3      | 1434 ||| FLEEEEING.
  1435 | D:3      | 1435 ||| FLEEEEING.
  1436 | D:3      | 1436 ||| FLEEEEING.
  1437 | D:3      | 1437 ||| FLEEEEING.
  1438 | D:3      | 1438 ||| FLEEEEING.
  1439 | D:3      | 1439 ||| STAIRDANCE
  1482 | D:2      | 1482 ||| UPGRADING to +1 leather armour of cold resistance.
  1492 | D:2      | 1492 ||| DROPPING +0 leather armour.
  1493 | D:2      | 1493 ||| READING scroll labelled VAROOQ QUSEYLO.
  1494 | D:2      | 1494 ||| DRINKING 2 white potions.
  1506 | D:3      | Reached XP level 5. HP: 12/32 MP: 5/5
  1506 | D:3      | 1506 ||| STAIRDANCE
  1807 | D:3      | Found a faded altar of an unknown god.
  1812 | D:3      | Reached skill level 6 in Ranged Weapons
  2096 | D:3      | 2096 ||| UPGRADING to +0 helmet.
  2101 | D:3      | 2101 ||| UPGRADING to +2 helmet.
  2111 | D:3      | 2111 ||| DROPPING +0 helmet.
  2112 | D:3      | 2112 ||| READING scroll labelled EMELIZ VOMA.
  2113 | D:3      | 2113 ||| READING scroll labelled ZUENAMN YKEGA.
  2114 | D:3      | 2114 ||| READING 3 scrolls of identify.
  2114 | D:3      | 2114 ||| IDENTIFYING metallic cyan potion
  2115 | D:3      | 2115 ||| READING 2 scrolls of identify.
  2115 | D:3      | 2115 ||| IDENTIFYING fizzy dark potion
  2116 | D:3      | 2116 ||| DROPPING potion of lignification.
  2117 | D:3      | 2117 ||| DROPPING potion of brilliance.
  2690 | D:4      | Found a broken altar of Ashenzari.
  2823 | D:4      | 2823 ||| RETREEAATING.
  2826 | D:4      | Reached skill level 1 in Armour
  2829 | D:4      | Reached XP level 6. HP: 37/39 MP: 6/6
  3298 | D:4      | 3298 ||| READING scroll labelled DOXOUF SECEES.
  3336 | D:5      | Entered Level 5 of the Dungeon
  3632 | D:5      | Reached skill level 7 in Ranged Weapons
  3632 | D:5      | Reached XP level 7. HP: 44/44 MP: 7/7
  3785 | D:5      | Reached skill level 8 in Ranged Weapons
  4122 | D:5      | 4122 ||| READING 2 scrolls of identify.
  4122 | D:5      | 4122 ||| IDENTIFYING viscous brown potion
  4123 | D:5      | 4123 ||| DROPPING potion of invisibility.
  4176 | D:6      | Reached XP level 8. HP: 49/49 MP: 8/8
  4298 | D:6      | Found a hazy altar of Hepliaklqana.
  4298 | D:6      | Found a sacrificial altar of Ru.
  4350 | D:6      | 4350 ||| Stepping ~*~*~tactically~*~*~ (retreating).
  4351 | D:6      | 4351 ||| Stepping ~*~*~tactically~*~*~ (retreating).
  4352 | D:6      | 4352 ||| Stepping ~*~*~tactically~*~*~ (retreating).
  4353 | D:6      | 4353 ||| Stepping ~*~*~tactically~*~*~ (retreating).
  4356 | D:6      | 4356 ||| Stepping ~*~*~tactically~*~*~ (retreating).
  4357 | D:6      | 4357 ||| Stepping ~*~*~tactically~*~*~ (retreating).
  4369 | D:6      | Reached skill level 9 in Ranged Weapons
  4409 | D:6      | 4409 ||| RETREEAATING.
  4423 | D:6      | Reached skill level 6 in Fighting
  4423 | D:6      | 4423 ||| FLEEEEING.
  4424 | D:6      | 4424 ||| FLEEEEING.
  4425 | D:6      | 4425 ||| FLEEEEING.
  4426 | D:6      | 4426 ||| FLEEEEING.
  4427 | D:6      | 4427 ||| FLEEEEING.
  4428 | D:6      | 4428 ||| FLEEEEING.
  4429 | D:6      | 4429 ||| FLEEEEING.
  4430 | D:6      | 4430 ||| FLEEEEING.
  4433 | D:6      | 4433 ||| STAIRDANCE
  4478 | D:5      | 4478 ||| FLEEEEING.
  4479 | D:5      | 4479 ||| FLEEEEING.
  4480 | D:5      | 4480 ||| FLEEEEING.
  4481 | D:5      | 4481 ||| FLEEEEING.
  4482 | D:5      | 4482 ||| FLEEEEING.
  4771 | D:6      | Found a blossoming altar of Fedhas.
  4855 | D:6      | 4855 ||| UPGRADING to +6 ring of dexterity.
  4856 | D:6      | 4856 ||| READING 3 scrolls of identify.
  4856 | D:6      | 4856 ||| IDENTIFYING bubbling red potion
  4857 | D:6      | 4857 ||| READING 2 scrolls of identify.
  4857 | D:6      | 4857 ||| IDENTIFYING brown potion
  4879 | D:7      | 4879 ||| STAIRDANCE
  4886 | D:7      | 4886 ||| STAIRDANCE
  4891 | D:7      | 4891 ||| STAIRDANCE
  4913 | D:7      | 4913 ||| STAIRDANCE
  4927 | D:7      | 4927 ||| STAIRDANCE
  4933 | D:7      | 4933 ||| STAIRDANCE
  4938 | D:6      | Reached skill level 3 in Dodging
  4941 | D:7      | 4941 ||| STAIRDANCE
  4975 | D:7      | Reached XP level 9. HP: 45/56 MP: 9/9
  5031 | D:7      | Noticed Maggie
  5042 | D:7      | Killed Maggie
  5043 | D:7      | Reached skill level 10 in Ranged Weapons
  5159 | D:7      | Found a staircase to the Ecumenical Temple.
  5160 | D:7      | 5160 ||| PLANNING TEMPLE
  5160 | D:7      | 5160 ||| UPGRADING to +0 pair of boots of flying.
  5165 | D:7      | 5165 ||| DROPPING scarf of shadows.
  5166 | D:7      | 5166 ||| READING scroll labelled YHOMNI UZUQO.
  5167 | D:7      | 5167 ||| READING 2 scrolls of identify.
  5167 | D:7      | 5167 ||| IDENTIFYING ruby potion
  5175 | D:7      | Noticed Pikel
  5176 | D:7      | 5176 ||| Stepping ~*~*~tactically~*~*~ (retreating).
  5177 | D:7      | 5177 ||| Stepping ~*~*~tactically~*~*~ (retreating).
  5178 | D:7      | 5178 ||| Stepping ~*~*~tactically~*~*~ (retreating).
  5187 | D:7      | 5187 ||| Stepping ~*~*~tactically~*~*~ (retreating).
  5188 | D:7      | 5188 ||| Stepping ~*~*~tactically~*~*~ (retreating).
  5189 | D:7      | 5189 ||| Stepping ~*~*~tactically~*~*~ (retreating).
  5190 | D:7      | 5190 ||| STAIRDANCE
  5342 | D:7      | 5342 ||| STAIRDANCE
  5350 | D:6      | 5350 ||| DRINKING potion of curing.
  5350 | D:6      | 5350 ||| (to cure confusion)
  5355 | D:6      | HP: 11/56 [wraith (5)]
  5356 | D:6      | 5356 ||| READING 3 scrolls of teleportation.
  5357 | D:6      | 5357 ||| DRINKING potion of heal wounds.
  5547 | D:6      | 5547 ||| RETREEAATING.
  5548 | D:6      | 5548 ||| STILL RETREEAATING.
  5549 | D:6      | 5549 ||| STILL RETREEAATING.
  5550 | D:6      | 5550 ||| STILL RETREEAATING.
  5551 | D:6      | 5551 ||| STILL RETREEAATING.
  5552 | D:6      | 5552 ||| STILL RETREEAATING.
  5553 | D:6      | 5553 ||| STILL RETREEAATING.
  5564 | D:6      | Killed Pikel
  5594 | Temple   | Entered the Ecumenical Temple
  5595 | Temple   | 5595 ||| PLANNING OKAWARU WORSHIP
  5602 | Temple   | Became a worshipper of Warmaster Okawaru
  5603 | Temple   | 5603 ||| PLANNING D:1-11
  5614 | D:7      | Found a hide-covered altar of Uskayaw.
  5836 | D:7      | 5836 ||| UPGRADING to +2 ring mail of fire resistance.
  5846 | D:7      | 5846 ||| DROPPING +0 steam dragon scales.
  5847 | D:7      | 5847 ||| UPGRADING to +6 ring of strength.
  5873 | D:8      | 5873 ||| STAIRDANCE
  5880 | D:8      | 5880 ||| STAIRDANCE
  5907 | D:8      | 5907 ||| STAIRDANCE
  5913 | D:7      | Reached skill level 3 in Armour
  6031 | D:8      | 6031 ||| FLEEEEING.
  6037 | D:8      | 6037 ||| FLEEEEING.
  6064 | D:8      | 6064 ||| SWAPPING to +0 orcbow.
  6065 | D:8      | 6065 ||| DROPPING +1 shortbow of draining.
  6106 | D:8      | 6106 ||| FLEEEEING.
  6107 | D:8      | 6107 ||| FLEEEEING.
  6108 | D:8      | 6108 ||| FLEEEEING.
  6109 | D:8      | 6109 ||| FLEEEEING.
  6110 | D:8      | 6110 ||| FLEEEEING.
  6111 | D:8      | 6111 ||| FLEEEEING.
  6112 | D:8      | 6112 ||| FLEEEEING.
  6113 | D:8      | 6113 ||| FLEEEEING.
  6114 | D:8      | 6114 ||| FLEEEEING.
  6115 | D:8      | 6115 ||| FLEEEEING.
  6116 | D:8      | 6116 ||| FLEEEEING.
  6117 | D:8      | 6117 ||| FLEEEEING.
  6118 | D:8      | 6118 ||| FLEEEEING.
  6119 | D:8      | 6119 ||| FLEEEEING.
  6120 | D:8      | 6120 ||| FLEEEEING.
  6121 | D:8      | 6121 ||| FLEEEEING.
  6122 | D:8      | 6122 ||| FLEEEEING.
  6123 | D:8      | 6123 ||| FLEEEEING.
  6124 | D:8      | 6124 ||| FLEEEEING.
  6125 | D:8      | 6125 ||| FLEEEEING.
  6126 | D:8      | 6126 ||| FLEEEEING.
  6127 | D:8      | 6127 ||| STAIRDANCE
  6183 | D:8      | Noticed Erica
  6201 | D:8      | HP: 9/60 [something/lance of force (20)]
  6202 | D:8      | Slain by Erica

Levels and vault maps discovered:
D:1:      minmay_arrival_shattered_statue, layout_basic
D:2:      layout_loops_ring
D:3:      layout_loops_ring, shapermc_ecumenical_altar_starsandcircs,
          serial_undead, serial_undead_f, serial_undead_f, serial_undead_b,
          serial_undead_b
D:4:      layout_basic, nicolae_ashenzari_skybound, roderic_batcave
D:5:      layout_basic, chequers_serial_rivers_micro_b
D:6:      layout_basic, fedhas_altar_4, gammafunk_temple_overflow_pools
D:7:      layout_rooms, nicolae_uskayaw_dance_hall,
          minmay_temple_entry_mini_moons, uniq_maggie, uniq_pikel
D:8:      layout_basic, david_lair_shrubbed, gammafunk_ghost_abyssal_escape,
          uniq_joseph, uniq_erica
Temple:   compressed_dpeg_triangle_lava_temple

Skill      XL: |  1  2  3  4  5  6  7  8  9 |
---------------+----------------------------+-----
Ranged Weapons | 5 6 7 8 9 10 | 10.9
Fighting       | 3 4 5 6 8 |  8.4
Armour         | 1 3 |  3.3
Dodging        | 2 3 |  3.0
Stealth        | |  1.1

Action                     |  1- 3 |  4- 6 |  7- 9 || total
---------------------------+-------+-------+-------++-------
   Fire: Shortbow          |   111 |   154 |   338 ||   603
         Orcbow            |       |       |    41 ||    41
    Use: Scroll            |     5 |     7 |     6 ||    18
         Potion            |       |     1 |     2 ||     3
 Armour: Leather armour    |    15 |    55 |   167 ||   237
         Ring mail         |       |       |    41 ||    41
  Dodge: Dodged            |    30 |    56 |   169 ||   255

Table legend:
 A = Non-vault XP
 B = Vault XP
 C = Vault XP percentage of total XP
 D = Non-vault monster count
 E = Vault monster count
 F = Vault count percentage of total count
                 A         B        C        D         E       F
            +---------+---------+-------+---------+---------+-------
      Total |    3142 |    1160 |  27.0 |     145 |      12 |   7.6
            +---------+---------+-------+---------+---------+-------
        D:1 |      40 |       0 |   0.0 |      22 |       0 |   0.0
        D:2 |      43 |       0 |   0.0 |      17 |       0 |   0.0
        D:3 |     135 |       7 |   4.9 |      26 |       3 |  10.3
        D:4 |     180 |      64 |  26.2 |      11 |       7 |  38.9
        D:5 |     714 |       0 |   0.0 |      16 |       0 |   0.0
        D:6 |    1341 |     685 |  33.8 |      31 |       1 |   3.1
        D:7 |     420 |     404 |  49.0 |      13 |       1 |   7.1
        D:8 |     269 |       0 |   0.0 |       9 |       0 |   0.0
            +---------+---------+-------+---------+---------+-------
